 Dungeon Crawl Stone Soup version 0.25.1-2-g60ff931df9 (webtiles) character file.

Game seed: 14050299705753433256

2139 Elvor the Cleaver (level 9, -14/75 HPs)
             Began as a Hill Orc Fighter on Sept 14, 2020.
             Was a Follower of Okawaru.
             Engulfed by Harold's freezing vapour (21 damage)
             ... on level 7 of the Dungeon.
             The game lasted 00:45:27 (6442 turns).

Elvor the Cleaver (Hill Orc Fighter)                Turns: 6442, Time: 00:45:28

Health: -14/75     AC:  4    Str: 22    XL:     9   Next: 30%
Magic:  9/9        EV: 11    Int: 13    God:    Okawaru [*.....]
Gold:   335        SH: 11    Dex: 19    Spells: 8/8 levels left

rFire    . . .     SeeInvis .   a - +0 war axe (holy)
rCold    . . .     Gourm    .   c - +0 kite shield
rNeg     + . .     Faith    .   C - +0 leather armour of the Gloaming {rN+ Int+5 Dex+3} (curse)
rPois    .         Spirit   .   b - +0 hat
rElec    .         Reflect  .   F - +0 cloak
rCorr    .         Harm     .   (no gloves)
MR       .....                  (no boots)
Stlth    ++........             (no amulet)
HPRegen  0.22/turn              E - +6 ring of dexterity
MPRegen  0.11/turn              (no ring)

@: mighty, about to teleport, studying Dodging
A: no striking features
a: Heroism, Renounce Religion


You were on level 7 of the Dungeon.
You worshipped Okawaru.
Okawaru was aware of your devotion.
You were not hungry.

You visited 2 branches of the dungeon, and saw 8 of its levels.

You collected 335 gold pieces.

Inventory:

Hand Weapons
 a - a +0 war axe of holy wrath (weapon)
 k - a +2 vorpal hand axe
 s - a +0 hunting sling
 u - a +3 mace
 v - a +3 vorpal flail
 z - a +0 broad axe
 J - the cursed +3 dagger "Nuath" {vamp, MR+, unknown}
   (You found it on level 6 of the Dungeon)

   It inflicts no extra harm, but heals its wielder when it wounds a living foe.
   It affects your resistance to hostile enchantments.
   It has a curse placed upon it.
 L - a +1 flail of protection
Missiles
 i - 179 stones
 p - 10 boomerangs (quivered)
 x - 107 sling bullets
 H - 34 poisoned darts
 I - a throwing net
Armour
 b - a +0 hat (worn)
 c - a +0 kite shield (worn)
 y - a +3 ring mail
 C - the cursed +0 leather armour of the Gloaming (worn) {rN+ Int+5 Dex+3}
   (You found it on level 4 of the Dungeon)

   It affects your intelligence (+5).
   It affects your dexterity (+3).
   It protects you from negative energy.
   It has a curse placed upon it.
 F - a +0 cloak (worn)
 M - a +0 plate armour
Jewellery
 E - a +6 ring of dexterity (left hand)
Wands
 B - a wand of clouds (7)
Scrolls
 e - a scroll of amnesia {unknown}
 h - 5 scrolls of immolation
 l - 2 scrolls of teleportation
 n - 4 scrolls of enchant armour
 o - a scroll of fog {unknown}
 t - 2 scrolls of remove curse {unknown}
 w - 3 scrolls of magic mapping
Potions
 g - a potion of degeneration {unknown}
 j - a potion of mutation {unknown}
 m - 3 potions of brilliance
 q - 3 potions of curing
 r - a potion of flight {unknown}
 A - a potion of ambrosia {unknown}
 G - 2 potions of heal wounds {unknown}
Books
 D - a manual of Dodging
Comestibles
 f - 4 rations


   Skills:
 + Level 5.9 Fighting
 * Level 11.5 Axes
 + Level 2.3(2.6) Slings
 + Level 1.5(2.2) Throwing
 + Level 5.0 Armour
 + Level 2.8 Dodging
 - Level 0.2 Stealth
 + Level 5.6 Shields


You had 8 spell levels left.
You didn't know any spells.
Your spell library contained the following spells:

 Spells                   Type           Power        Failure   Level  Hunger
 Beastly Appendage        Tmut           #.....       75%         1    ##.....
 Sticks to Snakes         Tmut           #.......     87%         2    ###....
 Spider Form              Tmut/Pois      #.........   98%         3    ####...
 Ice Form                 Ice/Tmut       #.......     100%        4    #####..
 Blade Hands              Tmut           #.........   100%        5    ######.


Dungeon Overview and Level Annotations

Branches:
Dungeon (7/15)             Temple (1/1) D:5

Altars:
Ashenzari
Cheibriados
Dithmenos
Elyvilon
Fedhas
Gozag
Hepliaklqana
Kikubaaqudgha
Makhleb
Nemelex Xobeh
Okawaru
Qazlal
Ru
Sif Muna
Trog
Uskayaw
Vehumet
Wu Jian
Xom
Yredelemnul
Zin
The Shining One

Annotations:
D:5 1 runed translucent door
D:7 Harold


Message History

You kill the orc!
Okawaru accepts your kill.
Harold says, "Bounty hunting has been great, but I can't wait to retire."
Harold zaps a wand.
Harold creates a blast of freezing vapour!
You block the orc's attack.
You slice Harold!!
Harold is heavily wounded.
You barely miss the jackal skeleton.
You are engulfed in freezing vapours.
* * * LOW HITPOINT WARNING * * *
A scorpion comes into view.
The jackal skeleton bites you.
* * * LOW HITPOINT WARNING * * *
Harold closely misses you.
The orc hits you from afar with a +0 trident.
* * * LOW HITPOINT WARNING * * *
Unknown command.
As you read the scroll of teleportation, it crumbles to dust.
You feel strangely unstable.
You are engulfed in freezing vapours.
You die...

#.##..$... .... ...
#.#........ ... #...
......#....... ...#
.###.....#......##>..##
......J.#....#.......s
###.#..........?.......
........##..###†Z...o..
#..##..##§@@o.....
##....§§§§.##.....
##.≈.§§....# ...
#.#<#.#.#.# .
#.....#.#...
#.....##......
#.##...####.. #. #...#
.>. .. .....


You could see Harold, a scorpion (wandering), an orc wizard, an orc and a jackal
skeleton.

Vanquished Creatures
  Eustachio (D:4)
  An orc warrior (D:6)
  A sky beast (D:6)
  3 ice beasts
  2 ogres
  A centaur (D:6)
  2 bullfrogs (D:6)
  3 scorpions
  A howler monkey (D:4)
  3 crimson imps
  A bullfrog zombie (D:6)
  A quasit (D:5)
  3 hounds
  2 jellies
  Ijyb (D:3)
  An iguana (D:4)
  Natasha (thrice) (D:3)
  8 orc wizards
  3 worker ants
  4 gnolls
  A howler monkey skeleton (D:6)
  7 adders
  2 worms (D:6)
  2 adder skeletons
  6 leopard geckos
  15 orcs
  3 ball pythons
  4 giant cockroaches
  11 goblins
  3 hobgoblins
  9 jackals
  3 quokkas
  15 bats
  4 frilled lizards
  7 kobolds
  A quokka skeleton (D:5)
  10 rats
148 creatures vanquished.

Notes
Turn   | Place    | Note
-------+----------+-------------------------------------------
     0 | D:1      | Elvor the Hill Orc Fighter began the quest for the Orb.
     0 | D:1      | Reached XP level 1. HP: 19/19 MP: 1/1
    76 | D:1      | Reached skill level 3 in Axes
    76 | D:1      | Reached XP level 2. HP: 10/27 MP: 2/2
   122 | D:1      | Reached skill level 4 in Axes
   148 | D:1      | Reached XP level 3. HP: 12/33 MP: 3/3
   817 | D:2      | Reached XP level 4. HP: 26/40 MP: 4/4
  1187 | D:2      | Reached skill level 5 in Axes
  1343 | D:2      | Reached XP level 5. HP: 34/46 MP: 5/5
  1575 | D:3      | Noticed Natasha
  1580 | D:3      | Killed Natasha
  1580 | D:3      | Reached skill level 6 in Axes
  1641 | D:3      | Reached XP level 6. HP: 36/52 MP: 6/6
  1788 | D:3      | Noticed Natasha
  1788 | D:3      | Noticed Ijyb
  1817 | D:3      | Killed Natasha
  1831 | D:3      | Noticed Natasha
  1838 | D:3      | Killed Natasha
  1854 | D:3      | Paralysed by Ijyb for 2 turns
  2011 | D:3      | Paralysed by Ijyb for 6 turns
  2037 | D:3      | Killed Ijyb
  2059 | D:3      | Found an ornate altar of the Wu Jian Council.
  2059 | D:3      | Found a shattered altar of Ashenzari.
  2489 | D:3      | Reached skill level 7 in Axes
  2792 | D:4      | Reached XP level 7. HP: 58/60 MP: 7/7
  2948 | D:4      | Got a faintly glowing leather armour
  3346 | D:4      | Reached skill level 8 in Axes
  3619 | D:4      | Reached skill level 5 in Fighting
  3664 | D:4      | Reached skill level 9 in Axes
  3664 | D:4      | Reached skill level 1 in Dodging
  3664 | D:4      | Reached XP level 8. HP: 13/68 MP: 8/8
  4310 | D:4      | Identified the cursed +0 leather armour of the Gloaming
                  | {rN+ Int+5 Dex+3} (You found it on level 4 of the Dungeon)
  4318 | D:5      | Entered Level 5 of the Dungeon
  4346 | D:5      | Found a staircase to the Ecumenical Temple.
  4355 | Temple   | Entered the Ecumenical Temple
  4530 | Temple   | Became a worshipper of Warmaster Okawaru
  4559 | D:5      | Noticed Eustachio
  4587 | D:4      | Killed Eustachio
  4814 | D:5      | Reached skill level 10 in Axes
  4871 | D:5      | Reached skill level 5 in Shields
  5161 | D:5      | Reached skill level 1 in Slings
  5185 | D:5      | Found a glowing golden altar of the Shining One.
  5185 | D:5      | Noticed an angel
  5186 | D:5      | Found a runed translucent door.
  5647 | D:6      | Reached * piety under Okawaru
  5746 | D:6      | Noticed a moth of wrath
  5749 | D:6      | Found a bloodstained altar of Trog.
  5787 | D:6      | Got a crystal dagger
  5813 | D:6      | Reached skill level 11 in Axes
  5813 | D:6      | Reached XP level 9. HP: 62/74 MP: 9/9
  5879 | D:6      | Reached skill level 1 in Throwing
  5892 | D:6      | Reached skill level 5 in Armour
  6172 | D:7      | Noticed Harold
  6442 | D:7      | Engulfed by Harold's freezing vapour

Illustrated notes

Levels and vault maps discovered:
D:1:      onia_arrival_mini_maze, layout_rooms
D:2:      layout_basic, first_ration, minmay_misc_feat_square
D:3:      layout_basic, gammafunk_temple_overflow_elements, uniq_ijyb,
          uniq_natasha
D:4:      layout_layer_cave, minmay_manual_mess
D:5:      layout_loops_ring, minmay_temple_entry_drinking_statues,
          lemuel_angel_altar, uniq_eustachio
D:6:      layout_loops_ring, tgw_trog
D:7:      layout_rooms, uniq_harold
Temple:   regret_index_temple_chain_breaker

Skill      XL: |  1  2  3  4  5  6  7  8  9 |
---------------+----------------------------+-----
Axes           | 3 4 5 6 7 9 11 | 11.5
Fighting       | 4 5 |  5.9
Shields        | 4 5 |  5.6
Armour         | 4 5 |  5.0
Dodging        | 1 2 |  2.8
Slings         | 1 2 |  2.3
Throwing       | 1 |  1.5
Stealth        | |  0.2

Action                   |  1- 3 |  4- 6 |  7- 9 || total
-------------------------+-------+-------+-------++-------
Melee: War axe           |   114 |   202 |   262 ||   578
 Fire: Hunting sling     |       |       |    25 ||    25
Throw: Boomerang         |       |     5 |    40 ||    45
  Use: Scroll            |       |     1 |     6 ||     7
       Potion            |       |       |     1 ||     1
 Stab: Sleeping          |       |       |     3 ||     3
       Distracted        |       |       |     1 ||     1
  Eat: Chunk             |       |     2 |     2 ||     4
       Ration            |       |     2 |     3 ||     5
Armor: Scale mail        |    66 |    82 |    42 ||   190
       Leather armour    |       |       |    28 ||    28
Dodge: Dodged            |    39 |    62 |    78 ||   179
Block: Kite shield       |    72 |   106 |   143 ||   321
